 Seeded DCSS version 0.29.1-15-g9cfb28693d (webtiles) character file.

Game seed: 5852750519012672489 (custom seed)

1022 Twinkles the Conjurer (level 8, 0/42 HPs)
             Began as a Vine Stalker Conjurer on June 2, 2023.
             Slain by a steam dragon (5 damage)
             ... on level 6 of the Dungeon.
             The game lasted 00:14:01 (6467 turns).

Twinkles the Conjurer (Vine Stalker Conjurer)       Turns: 6467, Time: 00:14:01

Health: 0/42       AC:  3    Str: 10    XL:     8   Next: 22%
Magic:  0/16       EV: 11    Int: 20    God:
Gold:   280        SH:  0    Dex: 13    Spells: 11/17 levels left

rFire   . . .      SeeInvis .   f - +0 dagger
rCold   . . .      Faith    .   (no shield)
rNeg    . . .      Spirit   +   c - +0 leather armour
rPois   .          Reflect  .   (no helmet)
rElec   .          Harm     .   p - scarf {repulsion}
rCorr   .          Rampage  .   (no gloves)
Will    +....                   (no boots)
Stlth   ++........              (no amulet)
HPRegen 0.94/turn               (no ring)
MPRegen 0.15/turn               (no ring)

@: repel missiles
A: fangs 3, regeneration 1, magic shield, antimagic bite, no potion heal 2
a: no special abilities


You were on level 6 of the Dungeon.
You visited 1 branch of the dungeon, and saw 6 of its levels.
You also visited: Sewer.

You collected 280 gold pieces.

Inventory:

Hand Weapons
 f - a +0 dagger (weapon)
Missiles
 w - 2 poisoned darts
Armour
 a - a +0 robe
 c - a +0 leather armour (worn)
 p - a scarf of repulsion (worn)
Wands
 r - a wand of roots (13)
Scrolls
 d - 2 scrolls of identify {unknown}
 e - 3 scrolls of poison {unknown}
 g - a scroll of magic mapping {unknown}
 h - a scroll of vulnerability {unknown}
 i - 2 scrolls of noise {unknown}
 k - 2 scrolls of fog {unknown}
 q - 3 scrolls of silence {unknown}
 t - a scroll of torment {unknown}
 v - a scroll of enchant weapon {unknown}
Potions
 b - 2 potions of magic
 j - 2 potions of brilliance {unknown}
 l - 8 potions of curing {unknown}
 m - a potion of cancellation {unknown}
 n - 3 potions of might {unknown}
 o - 4 potions of heal wounds {unknown}
 s - 2 potions of berserk rage
 u - a potion of resistance {unknown}
 x - a potion of haste {unknown}


   Skills:
 + Level 3.9 Fighting
 - Level 1.9 Dodging
 - Level 3.0 Stealth
 + Level 5.2 Spellcasting
 + Level 6.2 Conjurations
 + Level 3.7 Hexes


You had 11 spell levels left.
You knew the following spells:

 Your Spells              Type           Power      Damage    Failure   Level
a - Magic Dart            Conj           100%       1d8       1%          1
b - Searing Ray           Conj           60%        2d6       1%          2
c - Dazzling Flash        Conj/Hex       50%        N/A       6%          3

Your spell library contained the following spells:

 Spells                   Type           Power      Damage    Failure   Level
 Apportation              Tloc           10%        N/A       16%         1
 Necrotise                Necr           20%        1d5       16%         1
 Summon Small Mammal      Summ           20%        N/A       16%         1
 Mephitic Cloud           Conj/Pois/Air  13%        N/A       21%         3
 Fulminant Prism          Conj/Hex       12%        3d9       21%         4
 Iskenderun's Mystic Bla  Conj/Tloc      17%        2d5       38%         4
 Ignite Poison            Fire/Tmut/Pois 5%         N/A       43%         3
 Freezing Cloud           Conj/Ice/Air   6%         6-21      88%         5


Dungeon Overview and Level Annotations

Branches:
Dungeon (6/15)              Sewer (visited)
 Temple: D:4-7

Altars:
Kikubaaqudgha

Shops:
D:6 (

Annotations:
D:3 Ijyb


Innate Abilities, Weirdness & Mutations

You have razor-sharp teeth.
Your natural rate of healing is unusually fast.
When hurt, damage is shared between your health and your magic reserves.
Your bite disrupts and absorbs the magic of your enemies.
Potions cannot restore your health.


Message History

Press: ? - help, Q - select action, (/) - cycle Shift-Dir - straight line, f - steam dragon
Aim: a steam dragon (79% to hit)
The searing ray hits the steam dragon.
The steam dragon is lightly wounded. (Press . to maintain the ray.)
The searing ray misses the steam dragon.
The searing ray misses the steam dragon.
The steam dragon bites you. The steam dragon misses you.
The searing ray hits the steam dragon but does no damage.
The steam dragon is lightly wounded.
You finish channelling your searing ray.
The steam dragon breathes steam at you.
The ball of steam is repelled.
Press: ? - help, v - describe, . - travel
Here: a steam dragon (lightly wounded, catching its breath)
The floor.
Aiming: Searing Ray (safe; 1% risk of failure)
Press: ? - help, Q - select action, (/) - cycle Shift-Dir - straight line, f/p - steam dragon
Aim: a steam dragon (lightly wounded, catching its breath, 79% to hit)
The searing ray hits the steam dragon.
The steam dragon is moderately wounded. (Press . to maintain the ray.)
You are engulfed in a cloud of scalding steam.
The steam dragon barely misses you. The steam dragon closely misses you.
The searing ray hits the steam dragon.
The steam dragon is heavily wounded.
You are engulfed in a cloud of scalding steam.
The steam dragon closely misses you. x2
The searing ray hits the steam dragon.
The steam dragon is heavily wounded.
You are engulfed in a cloud of scalding steam.
The steam dragon closely misses you. The steam dragon misses you.
The searing ray hits the steam dragon!
The steam dragon is almost dead.
You finish channelling your searing ray.
You are engulfed in a cloud of scalding steam.
The steam dragon bites you!
* * * LOW HITPOINT WARNING * * *
The steam dragon claws you.
You die...

#.#..# ###.#..######
#...........#
######.#.##D.###.#
####......§§....#
..........#.###.#
#####.......§...#
#..#...§..#####.#
####..#..#@#D......#
.........#D#.#####.#
###..###.#.#.#
.............#
.##.#......#.####
#.#.........#
#.#.....######## .
##...............
..#.
##......#.∩.#..###


You could see a steam dragon (catching breath).

Vanquished Creatures
  Grinder (D:6)
  A black bear (D:5)
  Pargi (Sewer)
  2 ogres (D:5)
  A gnoll bouda (D:5)
  2 hounds (D:4)
  Terence (D:3)
  Natasha (thrice) (D:3)
  Robin (D:3)
  6 gnolls
  8 adders
  A river rat (D:4)
  A shadow imp (D:5)
  An ufetubus (D:6)
  4 worms
  2 dart slugs
  12 orcs
  6 ball pythons
  10 bats
  2 bat zombies (D:3)
  10 endoplasms
  3 giant cockroaches
  13 goblins
  5 hobgoblins
  4 kobolds
  2 quokkas
  3 frilled lizards
  8 rats
  4 rat zombies (D:3)
118 creatures vanquished.

Notes
Turn   | Place    | Note
-------+----------+-------------------------------------------
     0 | D:1      | Twinkles the Vine Stalker Conjurer began the quest for the
                  | Orb.
     0 | D:1      | Reached XP level 1. HP: 9/9 MP: 4/4
   354 | D:1      | Reached XP level 2. HP: 13/13 MP: 3/6
   999 | D:1      | Learned a level 2 spell: Searing Ray
  1292 | D:2      | Reached XP level 3. HP: 16/16 MP: 5/7
  1812 | D:2      | Found a faded altar of an unknown god.
  2081 | D:2      | Reached skill level 1 in Fighting
  2081 | D:2      | Gained mutation: Your natural rate of healing is unusually
                  | fast. [Vine Stalker growth]
  2081 | D:2      | Reached XP level 4. HP: 18/22 MP: 1/9
  2490 | D:3      | Noticed Terence
  2499 | D:3      | Killed Terence
  2678 | D:3      | Noticed Natasha
  2682 | D:3      | Killed Natasha
  2683 | D:3      | Reached XP level 5. HP: 25/25 MP: 5/11
  2820 | D:3      | Noticed Ijyb
  3186 | D:3      | Found an ancient bone altar of Kikubaaqudgha.
  3383 | D:3      | Noticed Natasha
  3386 | D:3      | Killed Natasha
  3387 | D:3      | Reached skill level 1 in Hexes
  3456 | D:3      | Noticed Robin
  3521 | D:3      | Noticed Natasha
  3526 | D:3      | Killed Natasha
  3527 | D:3      | Reached skill level 5 in Conjurations
  3527 | D:3      | Reached XP level 6. HP: 30/30 MP: 6/12
  3648 | D:3      | Killed Robin
  4256 | D:4      | Found a glowing drain.
  4296 | Sewer    | Entered a sewer
  4305 | Sewer    | Learned a level 3 spell: Dazzling Flash
  4412 | Sewer    | Noticed Pargi
  4422 | Sewer    | Killed Pargi
  4848 | D:4      | Reached XP level 7. HP: 35/35 MP: 8/14
  5244 | D:5      | Entered Level 5 of the Dungeon
  6285 | D:6      | Found Ziny's Antique Weapon Shop.
  6299 | D:6      | Noticed Grinder
  6319 | D:6      | Paralysed by Grinder for 5 turns
  6326 | D:6      | Killed Grinder
  6327 | D:6      | Reached skill level 5 in Spellcasting
  6327 | D:6      | Reached skill level 6 in Conjurations
  6327 | D:6      | Gained mutation: You have razor-sharp teeth. [Vine Stalker
                  | growth]
  6327 | D:6      | Reached XP level 8. HP: 30/42 MP: 1/16
  6467 | D:6      | Slain by a steam dragon

Illustrated notes

Levels and vault maps discovered:
D:1:      dpeg_arrival_rooms_a, layout_basic, serial_forest,
          infiniplex_forest_end_double, infiniplex_forest_end_2,
          infiniplex_forest_lined_2, infiniplex_forest_straight_4,
          infiniplex_forest_lined_room_2, infiniplex_forest_clump_small,
          infiniplex_forest_straight_5, infiniplex_forest_straight_5
D:2:      layout_loops_ring, chequers_ecumenical_altar_island,
          kennysheep_generic_room_6
D:3:      layout_basic, lemuel_zombie_altar_kikubaaqudgha, uniq_robin,
          uniq_terence, uniq_natasha, uniq_ijyb
D:4:      layout_cave_pools, gup_sewer_entry_spiral
D:5:      layout_gridville
D:6:      layout_basic, serial_shops, nicolae_shop_stone,
          minmay_manual_mandibuliform, uniq_grinder

Skill      XL: |  1  2  3  4  5  6  7 |
---------------+----------------------+-----
Stealth        | 3 |  3.0
Fighting       | 1 2 3 |  3.9
Spellcasting   | 3 4 5 |  5.2
Hexes          | 1 2 3 |  3.7
Conjurations   | 5 6 |  6.2
Dodging        | |  1.9

Action                   |  1- 3 |  4- 6 |  7- 9 || total
-------------------------+-------+-------+-------++-------
Melee: Dagger            |       |    23 |    16 ||    39
       Bite              |       |     3 |     8 ||    11
       Punch             |       |       |     1 ||     1
 Cast: Magic Dart        |    57 |    71 |    27 ||   155
       Searing Ray       |     4 |    23 |    17 ||    44
       Dazzling Flash    |       |       |     1 ||     1
Armor: Leather armour    |     3 |    10 |     3 ||    16
Dodge: Dodged            |     4 |    34 |    22 ||    60
       Repelled          |       |       |     1 ||     1
